 Dungeon Crawl Stone Soup version 0.20.1-1-g8b1a95d (webtiles) character file.

8934 doot the Cleaver (level 11, -8/106 HPs)
             Began as a Red Draconian Chaos Knight on Oct 14, 2017.
             Mangled by an emperor scorpion (shapeshifter) (18 damage)
             ... on level 1 of the Lair of Beasts on Oct 21, 2017.
             The game lasted 00:41:51 (14887 turns).

doot the Cleaver (Red Draconian Chaos Knight)      Turns: 14887, Time: 00:41:53

Health: -8/106     AC: 10    Str: 17    XL:     11   Next: 16%
Magic:  0/11       EV: 16    Int: 11    God:    Xom [*.....]
Gold:   607        SH:  0    Dex: 13    Spells: 6/10 levels left

rFire    + + .     SeeInvis +   D - +0 broad axe (flame)
rCold    + . .     Gourm    .   (no shield)
rNeg     . . .     Faith    .   (armour unavailable)
rPois    .         Spirit   +   (helmet restricted)
rElec    .         Reflect  .   q - scarf {rC+ rF+}
rCorr    .         Harm     .   e - +1 pair of gloves
MR       +....     Clarity  +   Q - +0 pair of boots
Stlth    +++.......             r - amulet of guardian spirit
Regen    0.3/turn               c - ring of protection from magic
MPRegen  0.2/turn               X - ring of see invisible

@: lethally poisoned (-8 -> -35), short of breath, flying
A: breathe fire, unfitting armour, big wings, talons 1, agile 1, blink, clarity,
dopey 1, fire resistance 1, robust 1, cold-blooded, AC +7
a: Breathe Fire, Stop Flying, Blink, Renounce Religion


You were on level 1 of the Lair of Beasts.
You worshipped Xom.
You were a special plaything of Xom.
You were hungry.

You visited 3 branches of the dungeon, and saw 12 of its levels.

You collected 832 gold pieces.
You spent 225 gold pieces at shops.

Inventory:

Hand Weapons
 D - a +0 broad axe of flaming (weapon)
Armour
 e - a +1 pair of gloves (worn)
 q - a scarf of resistance (worn)
 J - a +0 crystal plate armour
 Q - a +0 pair of boots (worn)
Magical Staves
 T - an uncursed staff of poison
Jewellery
 c - a ring of protection from magic (left hand)
 r - an amulet of guardian spirit (around neck)
 x - an uncursed ring of ice
 X - a ring of see invisible (right hand)
Wands
 y - a wand of flame (9/48)
 E - a wand of iceblast (10/15)
 N - a wand of polymorph (17/24)
 O - a wand of lightning (11/15)
 P - a wand of lightning (5/15)
 R - a wand of digging (14/24)
 V - a wand of random effects (20/48)
Scrolls
 a - a scroll of acquirement {unknown}
 g - a scroll of noise {unknown}
 h - 9 scrolls of remove curse
 i - 2 scrolls of immolation {unknown}
 k - 4 scrolls of enchant armour
 m - a scroll of recharging {unknown}
 s - 2 scrolls of random uselessness {unknown}
 u - 3 scrolls of identify
 A - 3 scrolls of fear {unknown}
 C - 2 scrolls of amnesia {unknown}
 G - 2 scrolls of blinking {unknown}
 K - 3 scrolls of teleportation {unknown}
 L - 3 scrolls of magic mapping {unknown}
 U - a scroll of enchant weapon {unknown}
Potions
 d - 3 potions of mutation
 f - 2 potions of haste
 j - 4 potions of curing
 n - 2 potions of flight {unknown}
 t - a potion of experience {unknown}
 v - 3 potions of might
 w - a potion of degeneration {unknown}
 z - 3 potions of agility {unknown}
 H - 2 potions of heal wounds
 I - a potion of ambrosia {unknown}
 M - a potion of magic {unknown}
 S - 2 potions of brilliance {unknown}
 W - a potion of resistance {unknown}
Books
 B - a book of Necromancy

   Spells                             Type                      Level
   a - Pain                           Necromancy                   1
   b - Animate Skeleton               Necromancy                   1
   c - Vampiric Draining              Necromancy                   3
   d - Regeneration                   Charms/Necromancy            3
   e - Animate Dead                   Necromancy                   4
   f - Control Undead                 Necromancy                   4
 F - a book of Geomancy

   Spells                             Type                      Level
   a - Sandblast                      Earth                        1
   b - Passwall                       Transmutation/Earth          2
   c - Stone Arrow                    Conjuration/Earth            3
   d - Petrify                        Transmutation/Earth          4
   e - Lee's Rapid Deconstruction     Earth                        5
 Y - a book of Debilitation

   Spells                             Type                      Level
   a - Corona                         Hexes                        1
   b - Slow                           Hexes                        2
   c - Inner Flame                    Hexes/Fire                   3
   d - Portal Projectile              Hexes/Translocation          3
   e - Cause Fear                     Hexes                        4
   f - Leda's Liquefaction            Hexes/Earth                  4
Comestibles
 b - 8 bread rations
 l - 10 fruits
 o - 13 royal jellies
 p - 7 meat rations


   Skills:
 + Level 9.0 Fighting
 + Level 12.0 Axes
 + Level 7.3 Dodging
 + Level 5.7 Stealth
 * Level 3.8 Necromancy


You had 6 spell levels left.
You knew the following spells:

 Your Spells              Type           Power        Failure   Level  Hunger
a - Animate Dead          Necr           N/A          58%         4    #####..


Dungeon Overview and Level Annotations

Branches:
Dungeon (10/15)            Temple (1/1) D:4            Lair (1/6) D:10
    Orc: D:9-12

Altars:
Ashenzari
Cheibriados
Dithmenos
Elyvilon
Fedhas
Gozag
Hepliaklqana
Kikubaaqudgha
Makhleb
Nemelex Xobeh
Okawaru
Qazlal
Ru
Sif Muna
Uskayaw
Vehumet
Xom
Yredelemnul
Zin
The Shining One

Shops:
D:5 !


Innate Abilities, Weirdness & Mutations

You can breathe blasts of fire.
Your fiery red scales are hard. (AC +7)
You cannot fit into any form of body armour.
Your flesh is heat resistant. (rF+)
You are cold-blooded and may be slowed by cold attacks.
Your large and strong wings let you fly indefinitely.
You have sharp toenails.
You are agile. (Dex +2)
You can translocate small distances at will.
You possess an exceptional clarity of mind.
You are dopey. (Int -2)
You are robust. (+10% HP)


Message History

* * * LOW HITPOINT WARNING * * *
The emperor scorpion claws you!
* * * LOW HITPOINT WARNING * * *
The emperor scorpion claws you.
* * * LOW HITPOINT WARNING * * *
You feel better. The emperor scorpion stings you.
* * * LOW HITPOINT WARNING * * *
You are lethally poisoned!
The emperor scorpion poisons you! The emperor scorpion misses you.
The emperor scorpion claws you.
* * * LOW HITPOINT WARNING * * *
You feel much better.
* * * LOW HITPOINT WARNING * * *
You feel very sick. "You have grown too confident for your meagre worth."
Your body is wracked with pain!
* * * LOW HITPOINT WARNING * * *
The emperor scorpion stings you!!
You die...
Xom chuckles heartily!

##..# #.......## ##.# #......###
#P.# ##....##.# ##### #P.#
#.>.....#. .....######.#
#.........
.........##.###.........
.................##..........
.............................
...P.......@................ ##
...#....####s#####.........P #..
#.##....# ##.## ##......... ....
#.##....# #...#####.........
....##.##....####......#.........
.....................#...........
.....P.##........................
....##.##........................
.... #.##........................


You could see an emperor scorpion shaped shifter.

Vanquished Creatures
  An elephant (D:10)
  Psyche (D:8)
  A spiny frog (Lair:1)
  A troll (D:10)
  3 hippogriffs
  A wraith (D:9)
  2 basilisks (D:10)
  A hungry ghost (D:6)
  A steam dragon (D:9)
  A soldier ant (D:9)
  3 water moccasins
  A porcupine (Lair:1)
  4 orc warriors
  3 ice beasts (D:6)
  2 black bears
  3 sky beasts
  7 ogres
  3 phantoms
  4 centaurs
  2 crocodiles (Lair:1)
  A big kobold (D:8)
  9 bullfrogs
  5 scorpions
  9 wights
  3 centaur zombies
  4 crimson imps
  6 hounds
  A gnoll shaman (D:6)
  A jelly (D:7)
  4 orc priests
  A bullfrog skeleton (D:5)
  A centaur skeleton (D:10)
  4 iguanas
  Natasha (thrice) (D:3)
  5 orc wizards
  8 worker ants
  A hound zombie (D:6)
  12 adders
  13 gnolls
  3 shadow imps (D:6)
  2 oozes
  2 adder skeletons
  An adder zombie (D:8)
  2 worms (D:3)
  A dart slug (D:2)
  A leopard gecko (D:5)
  25 orcs
  4 bats
  4 giant cockroaches
  3 hobgoblins
  8 jackals
  13 kobolds
  7 quokkas
  A ball python (D:1)
  3 frilled lizards
  9 goblins
  A jackal zombie (D:6)
  A quokka zombie (D:6)
  9 rats
236 creatures vanquished.

Vanquished Creatures (collateral kills)
  2 ice beasts
  A phantom (D:6)
  2 ogres
  A centaur (D:8)
  3 bullfrogs (D:6)
  4 scorpions
  A jelly (D:8)
  2 howler monkeys (D:10)
  An adder skeleton (D:6)
  A kobold (D:8)
18 creatures vanquished.

Vanquished Creatures (others)
  A water moccasin (D:5)
  A quokka (D:5)
  A fire vortex (D:2)
3 creatures vanquished.

Grand Total: 257 creatures vanquished

Notes
Turn   | Place    | Note
-------+----------+-------------------------------------------
     0 | D:1      | doot the Draconian Chaos Knight began the quest for the Orb.
     0 | D:1      | Reached XP level 1. HP: 19/19 MP: 1/1
   244 | D:1      | Reached XP level 2. HP: 24/26 MP: 2/2
  1002 | D:2      | Reached XP level 3. HP: 29/33 MP: 3/3
  1318 | D:2      | Reached skill level 4 in Axes
  1318 | D:2      | Reached XP level 4. HP: 25/40 MP: 4/4
  1347 | D:2      | XOM: potion effect (berserk rage)
  1633 | D:2      | Found a burning altar of Makhleb.
  1679 | D:2      | XOM: mild Fire miscast
  1744 | D:2      | XOM: 9-stop teleportation journey
  1815 | D:2      | XOM: mild Pois miscast
  2102 | D:3      | XOM: medium Conj miscast
  2165 | D:3      | Noticed Natasha
  2167 | D:3      | XOM: confusion
  2179 | D:3      | XOM: smoke on damage
  2181 | D:3      | Killed Natasha
  2181 | D:3      | Reached skill level 1 in Stealth
  2463 | D:3      | Found a glowing golden altar of the Shining One.
  2472 | D:3      | Reached XP level 5. HP: 43/47 MP: 5/5
  2704 | D:3      | Noticed Natasha
  2706 | D:3      | XOM: smoke on damage
  2714 | D:3      | Killed Natasha
  3605 | D:3      | XOM: mild Erth miscast
  3762 | D:3      | Noticed Natasha
  3767 | D:3      | Killed Natasha
  4075 | D:4      | XOM: scenery: create altars
  4096 | D:4      | XOM: torment (22/47 hp)
  4117 | D:4      | XOM: scenery: create altars
  4155 | D:4      | XOM: scenery: create altars
  4164 | D:4      | Noticed an ogre
  4263 | D:4      | Found a sparkling altar of Nemelex Xobeh.
  4410 | D:4      | Noticed an ogre
  4549 | D:3      | XOM: give mutations
  4549 | D:3      | Gained mutation: You can translocate small distances at will. [Xom's grace]
  4549 | D:3      | Gained mutation: You are covered in fur. (AC +1) [Xom's grace]
  4658 | D:4      | XOM: cleaving
  4665 | D:4      | Killed an ogre
  4665 | D:4      | Reached skill level 5 in Axes
  4665 | D:4      | Reached XP level 6. HP: 55/55 MP: 6/6
  4818 | D:4      | Found a faded altar of an unknown god.
  4818 | D:4      | Found a staircase to the Ecumenical Temple.
  4828 | Temple   | Entered the Ecumenical Temple
  4916 | D:5      | Entered Level 5 of the Dungeon
  4971 | D:5      | Reached skill level 5 in Fighting
  4981 | D:5      | XOM: scenery: create altars
  5003 | D:5      | XOM: fog
  5030 | D:5      | XOM: 1-stop teleportation journey
  5209 | D:5      | Your scales start taking on a fiery red colour.
  5209 | D:5      | Reached XP level 7. HP: 52/61 MP: 5/7
  5209 | D:5      | Gained mutation: Your flesh is heat resistant. (rF+) [Red Draconian growth]
  5305 | D:5      | Reached skill level 6 in Axes
  5331 | D:5      | XOM: confuse monster(s)
  5348 | D:5      | XOM: divine lightning
  5388 | D:5      | XOM: 1-stop teleportation journey
  5526 | D:5      | Found a radiant altar of Vehumet.
  5664 | D:5      | Found Jafuet's Distillery.
  5666 | D:5      | Bought a potion of heal wounds for 75 gold pieces
  5666 | D:5      | Bought a potion of heal wounds for 75 gold pieces
  5666 | D:5      | Bought a potion of heal wounds for 75 gold pieces
  5849 | D:5      | XOM: fog
  6031 | D:5      | Found an ancient bone altar of Kikubaaqudgha.
  6277 | D:5      | XOM: cloud trail
  6466 | D:6      | Found a hide-covered altar of Uskayaw.
  6487 | D:6      | Reached XP level 8. HP: 61/70 MP: 6/8
  6596 | D:6      | Noticed a dagger
  6597 | D:6      | Noticed a hand axe
  6661 | D:6      | XOM: give mutations
  6661 | D:6      | Gained mutation: You possess an exceptional clarity of mind. [Xom's grace]
  6661 | D:6      | Gained mutation: Your large and strong wings let you fly indefinitely. [Xom's grace]
  6661 | D:6      | Gained mutation: You have sharp toenails. [Xom's grace]
  6733 | D:6      | XOM: god gift: 11 stones
  6734 | D:6      | Reached skill level 7 in Axes
  6764 | D:6      | XOM: butterfly on damage
  6768 | D:6      | XOM: cast spell 'Summon Dragon'
  6981 | D:6      | Reached skill level 8 in Axes
  7064 | D:6      | XOM: god gift: crystal plate armour {god gift}
  7186 | D:6      | Found a sparkling altar of Nemelex Xobeh.
  7195 | D:6      | Reached skill level 5 in Dodging
  7334 | D:6      | Reached XP level 9. HP: 78/78 MP: 9/9
  7365 | D:6      | XOM: draining
  7419 | D:6      | XOM: 4-stop teleportation journey
  7551 | D:6      | Reached skill level 9 in Axes
  7768 | D:6      | XOM: divination: detect creatures
  8118 | D:7      | XOM: fake destruction
  8343 | D:7      | XOM: potion effect (agility)
  8616 | D:7      | XOM: fog
  8618 | D:7      | XOM: polymorph scorpion -> jelly
  8791 | D:7      | XOM: noise
  8869 | D:7      | XOM: mild Hex miscast
  8948 | D:7      | XOM: mild Erth miscast
  9150 | D:8      | XOM: polymorph gnoll shaman -> worker ant
  9318 | D:8      | XOM: summons friendly iron imp
  9371 | D:8      | XOM: chaos upgrade
  9487 | D:8      | XOM: polymorph orc warrior -> centaur
  9525 | D:8      | Reached skill level 10 in Axes
  9529 | D:8      | Noticed Psyche
  9566 | D:8      | XOM is BORED!
  9566 | D:8      | XOM: medium Pois miscast
  9752 | D:8      | XOM: swap monsters
  9755 | D:8      | XOM: mild Ice miscast
  9760 | D:8      | Killed Psyche
  9882 | D:8      | XOM: severe Tloc miscast
  9956 | D:8      | Gained mutation: You are dopey. (Int -2) [mutagenic glow]
 10183 | D:8      | XOM: summons 4 hostile demons
 10199 | D:8      | XOM: blink monster(s)
 10320 | D:8      | XOM: cloud trail
 10624 | D:8      | Reached XP level 10. HP: 81/88 MP: 10/10
 10629 | D:8      | Found a deep blue altar of Sif Muna.
 10764 | D:8      | XOM: god gift: 5 meat rations
 10775 | D:8      | Learned a level 4 spell: Animate Dead
 11026 | D:8      | XOM: scenery: 1 doors open, 3 doors close
 11126 | D:9      | Reached skill level 1 in Necromancy
 11265 | D:9      | Found an opulent altar of Gozag.
 11278 | D:9      | Found a stormy altar of Qazlal.
 11336 | D:9      | Noticed Joseph
 11351 | D:9      | Noticed Joseph
 11351 | D:9      | Joseph changed into Joseph the soldier ant
 11351 | D:9      | XOM: polymorph Joseph -> Joseph the soldier ant
 11371 | D:9      | Killed Joseph the soldier ant
 11451 | D:9      | Found a white marble altar of Elyvilon.
 11503 | D:9      | Found a hazy altar of Hepliaklqana.
 11516 | D:9      | XOM: fog
 11526 | D:9      | XOM: scenery: create altars
 11533 | D:9      | XOM: god gift: royal jelly
 11830 | D:9      | Reached skill level 11 in Axes
 11830 | D:9      | Reached skill level 5 in Stealth
 12009 | D:9      | XOM: divination: detect creatures
 12066 | D:9      | Found a snail-covered altar of Cheibriados.
 12081 | D:9      | XOM: cloud trail
 12116 | D:9      | XOM: scenery: create altars
 12140 | D:10     | Entered Level 10 of the Dungeon
 12465 | D:10     | XOM: summons 2 friendly demons
 12470 | D:10     | XOM: enchant monster (bad)
 12479 | D:10     | XOM: potion effect (invisibility)
 12544 | D:9      | XOM: summons friendly iron imp
 12717 | D:9      | XOM: stat loss: -1 Dex (10/11)
 12779 | D:10     | XOM: cleaving
 12788 | D:10     | XOM: summons friendly white imp
 12793 | D:10     | XOM: scenery: create altars
 12841 | D:10     | Found a staircase to the Lair.
 12845 | D:10     | XOM: cleaving
 12923 | D:10     | XOM: give mutations
 12923 | D:10     | Gained mutation: You are robust. (+10% HP) [Xom's grace]
 12923 | D:10     | Gained mutation: You are agile. (Dex +2) [Xom's grace]
 12968 | D:10     | XOM: 4-stop teleportation journey
 13051 | D:10     | XOM: scenery: create altars
 13061 | D:10     | XOM: harmless Tloc miscast
 13120 | D:10     | Noticed an elephant
 13121 | D:10     | XOM: give mutation
 13121 | D:10     | Lost mutation: You are covered in fur. (AC +1) [Xom's mischief]
 13150 | D:10     | Killed an elephant
 13228 | D:10     | XOM: harmless Hex miscast
 13238 | D:10     | Reached XP level 11. HP: 65/104 MP: 7/11
 13636 | D:10     | XOM is BORED!
 13683 | D:10     | XOM: summons 2 hostile shadow creatures
 13688 | D:10     | XOM: cloud trail
 13847 | Lair:1   | Entered Level 1 of the Lair of Beasts
 14433 | Lair:1   | XOM: enchant monster (good)
 14442 | Lair:1   | Reached skill level 12 in Axes
 14855 | Lair:1   | Noticed a five-headed hydra
 14876 | Lair:1   | Noticed an emperor scorpion
 14876 | Lair:1   | a five-headed hydra changed into an emperor scorpion
 14876 | Lair:1   | XOM: polymorph five-headed hydra -> emperor scorpion
 14885 | Lair:1   | HP: 4/106 [emperor scorpion (shapeshifter) (4)]
 14887 | Lair:1   | XOM: torment (10/106 hp)
 14887 | Lair:1   | Mangled by an emperor scorpion (shapeshifter)

Skill      XL: |  1  2  3  4  5  6  7  8  9 10 11 |
---------------+----------------------------------+-----
Fighting       | 4 5 6 8 9 |  9.0
Axes           | 4 5 6 8 10 11 12 | 12.0
Stealth        | 1 2 3 4 5 |  5.7
Dodging        | 3 4 5 6 7 |  7.3
Necromancy     | 3 |  3.8

Action                   |  1- 3 |  4- 6 |  7- 9 | 10-12 || total
-------------------------+-------+-------+-------+-------++-------
Melee: Hand axe          |    69 |   159 |    68 |       ||   296
       Tailslap          |     3 |    18 |    39 |    44 ||   104
       Broad axe         |       |       |   312 |   274 ||   586
       Kick              |       |       |    78 |    20 ||    98
 Abil: Breathe Fire      |       |       |    24 |    22 ||    46
       Fly               |       |       |     1 |       ||     1
  Use: Scroll            |       |       |     8 |     3 ||    11
       Potion            |       |       |     1 |     2 ||     3
 Stab: Sleeping          |     2 |     2 |     6 |     4 ||    14
       Paralysed         |       |     5 |     3 |       ||     8
       Invisible         |       |       |       |     7 ||     7
       Petrified         |       |       |       |     3 ||     3
       Distracted        |       |       |       |     1 ||     1
       Petrifying        |       |       |       |     1 ||     1
  Eat: Chunk             |     1 |    11 |    19 |    10 ||    41
       Meat ration       |       |       |     2 |     1 ||     3
Armor: Skin              |    15 |    38 |   197 |   108 ||   358
Dodge: Dodged            |    51 |    84 |   315 |   222 ||   672
